 Dungeon Crawl Stone Soup version 0.30-a0-424-g7412bad402 (webtiles) character file.

Game seed: 6974077465057651098

63 qqqqqqq7k the Gusty (level 3, -1/19 HPs)
             Began as a Deep Elf Air Elementalist on Dec 9, 2022.
             Slain by a gnoll
             ... wielding a +0 spear
              (5 damage)
             ... on level 2 of the Dungeon.
             The game lasted 00:19:56 (773 turns).

qqqqqqq7k the Gusty (Deep Elf Air Elementalist)      Turns: 773, Time: 00:19:57

Health: -1/19      AC:  2    Str:  5    XL:     3   Next: 89%
Magic:  1/10       EV: 13    Int: 21    God:
Gold:   63         SH:  0    Dex: 15    Spells: 8/9 levels left

rFire   . . .      SeeInvis .    m - staff of cold
rCold   + . .      Faith    .    (no shield)
rNeg    . . .      Spirit   .    a - +0 robe
rPois   .          Reflect  .    (no helmet)
rElec   .          Harm     .    (no cloak)
rCorr   .          Rampage  .    (no gloves)
Will    .....                    (no boots)
Stlth   ++........               (no amulet)
HPRegen 0.23/turn                p - ring of flight
MPRegen 0.12/turn                (no ring)

@: flying
A: no striking features
a: no special abilities


You were on level 2 of the Dungeon.
You visited 1 branch of the dungeon, and saw 2 of its levels.

You collected 63 gold pieces.

Inventory:

Hand Weapons
 h - a +0 club
 i - a +0 dagger
 j - a +0 dagger
 l - a +0 whip
 r - a +2 vampiric spear
Missiles
 e - 8 stones
 n - 2 throwing nets
Armour
 a - a +0 robe (worn)
 d - a +0 leather armour
 g - a +0 leather armour
Magical Staves
 m - a staff of cold (weapon)
Jewellery
 p - a ring of flight (left hand)
Scrolls
 o - 2 scrolls of vulnerability
 q - a scroll of magic mapping {unknown}
Potions
 b - a potion of magic
 c - a potion of lignification {unknown}
 f - a potion of flight


   Skills:
 + Level 2.7 Dodging
 + Level 2.7 Stealth
 + Level 3.6 Spellcasting
 + Level 2.1 Conjurations
 + Level 3.9 Air Magic


You had 8 spell levels left.
You knew the following spells:

 Your Spells              Type           Power      Damage    Failure   Level
a - Shock                 Conj/Air       64%        1d7       3%          1

Your spell library contained the following spells:

 Spells                   Type           Power      Damage    Failure   Level
 Static Discharge         Conj/Air       32%        2-4/arc   5%          2
 Swiftness                Air            20%        N/A       8%          3
 Airstrike                Air            10%        2d(2-18)  24%         4
 Gell's Gravitas          Tloc           3%         N/A       36%         3
 Teleport Other           Tloc           3%         N/A       36%         3
 Dispersal                Tloc           1%         N/A       100%        6


Dungeon Overview and Level Annotations

Branches:
Dungeon (2/15)

Altars:


Message History

Confirm with . or Enter, or press ? or * to list all spells.
Aiming: Shock (safe; 3% risk of failure)
Press: ? - help, Shift-Dir - straight line, f - gnoll, p - gnoll
Aim: a gnoll, wielding a +2 halberd of distortion (75% to hit)
The zap hits the goblin.
The goblin is heavily wounded.
The zap hits the gnoll.
The gnoll is heavily wounded.
The zap hits the gnoll.
The gnoll is moderately wounded.
The zap hits the gnoll.
The gnoll is severely wounded.
The goblin hits you with a +0 club. The goblin attacks as you move away!
The goblin hits you with a +0 club. The goblin closely misses you.
Casting: Shock (safe; 3% risk of failure)
Confirm with . or Enter, or press ? or * to list all spells.
Aiming: Shock (safe; 3% risk of failure)
Press: ? - help, Shift-Dir - straight line, f/p - gnoll
Aim: a gnoll, wielding a +2 halberd of distortion (severely wounded, 75% to hit)
The zap hits the gnoll.
The gnoll is severely wounded.
The zap hits the gnoll.
You kill the gnoll!
The gnoll completely misses you. The goblin hits you but does no damage.
The goblin hits you with a +0 club.
The gnoll hits you from afar with a +1 vorpal spear.
There is a stone staircase leading down here.
The goblin hits you with a +0 club. The gnoll hits you with a +0 spear.
The gnoll misses you. The goblin hits you with a +0 club.
* * * LOW HITPOINT WARNING * * *
You hit the gnoll but do no damage. The goblin hits you with a +0 club.
* * * LOW HITPOINT WARNING * * *
The gnoll closely misses you. x3
As you read the scroll of identify, it crumbles to dust.
o - 2 scrolls of vulnerability The goblin hits you but does no damage.
The gnoll closely misses you. The gnoll hits you with a +0 spear.
You die...

##### #gg.# #.#@# #
#### #>#g## #. ..#
#..g.# ##.##.#
#....# .
#....<###.##.## ..
#..#..#.#....)# ..
#..#..#.#.###.###.#
#.................#
##......#.##...####


You could see 3 gnolls and a goblin.

Vanquished Creatures
  Robin (D:2)
  A gnoll (D:2)
  2 dart slugs (D:1)
  2 ball pythons
  2 endoplasms (D:1)
  A giant cockroach (D:1)
  11 goblins
  5 hobgoblins
  A kobold (D:1)
  A quokka (D:1)
  2 bats (D:1)
  A frilled lizard (D:1)
  6 rats (D:1)
36 creatures vanquished.

Vanquished Creatures (others)
  2 plants (D:1)
2 creatures vanquished.

Grand Total: 38 creatures vanquished

Notes
Turn   | Place    | Note
-------+----------+-------------------------------------------
     0 | D:1      | qqqqqqq7k the Deep Elf Air Elementalist began the quest for
                  | the Orb.
     0 | D:1      | Reached XP level 1. HP: 10/10 MP: 6/6
   195 | D:1      | Reached XP level 2. HP: 15/15 MP: 0/8
   516 | D:1      | Reached XP level 3. HP: 19/19 MP: 1/9
   719 | D:2      | Noticed Robin
   723 | D:2      | Killed Robin
   773 | D:2      | Slain by a gnoll

Illustrated notes

Levels and vault maps discovered:
D:1:      psy_arrival_conway, layout_loops_ring
D:2:      layout_basic, lemuel_flame_loot_1, uniq_sigmund, uniq_robin

Skill      XL: |  1  2  3 |
---------------+----------+-----
Conjurations   | 2 |  2.1
Dodging        | |  2.7
Stealth        | |  2.7
Spellcasting   | |  3.6
Air Magic      | |  3.9

Action                   || total
-------------------------++-------
Melee: Unarmed           ||    20
       Staff             ||     1
 Cast: Shock             ||    59
  Use: Scroll            ||     2
       Potion            ||     1
Armor: Robe              ||     5
Dodge: Dodged            ||    24

Table legend: (Time is in decaauts)
 A = Elapsed time spent in this place.
 B = Non-inter-level travel time spent in this place.
 C = Inter-level travel time spent in this place.
 D = Time resting spent in this place.
 E = Time spent auto-exploring this place.
 F = Levels seen in this place.
 G = Mean time per level.
                   A        B        C        D        E       F      G
               +--------+--------+--------+--------+--------+-----+--------+
         Total |    774 |    359 |    415 |      0 |     87 |   2 |  387.0 |
       Dungeon |    774 |    359 |    415 |      0 |     87 |   2 |  387.0 |
               +--------+--------+--------+--------+--------+-----+--------+

Top non-repeatable levels by time:
     D:1: 706 daAuts
     D:2: 68 daAuts
